Map: Catalyst LE

Players

Has - Winner!

  • Race: Protoss Protoss
  • Spawn Location: 11:00

ShoWTimE

  • Race: Protoss Protoss
  • Spawn Location: 5:00

Event: WCS Valencia 2018

VOD

Have the link to the VOD?

Description

Time

  • Played on: July 14, 2018, 11:30 a.m.
  • Length: 7:44

All games in this series

Show
View Real Time Build Order
Export as new Build Order

Has Protoss - Winner!

Build Orders: Phoenix Opening 

Get SALT Encoding   

  12  0:00  Probe  
  13  0:12  Probe  
  14  0:18  Pylon  
  14  0:22  Probe  
  15  0:32  Probe  
  15  0:39  Gateway  
  15  0:41  Probe  
  16  0:49  Assimilator  
  17  0:51  Probe  
  17  0:56  Assimilator  
  18  1:00  Probe  
  19  1:08  Gateway, Probe  
  20  1:19  Probe  
  21  1:26  Cybernetics Core  
  21  1:31  Probe  
  22  1:37  Pylon  
  22  1:43  Probe  
  23  1:55  Probe  
  24  2:02  Sentry, Stalker  
  24  2:03  Warp Gate  
  28  2:09  Pylon  
  28  2:11  Probe  
  29  2:24  Probe  
  29  2:26  Stargate  
  30  2:34  Stalker  
  30  2:36  Probe  
  33  2:44  Stalker  
  33  2:49  Shield Battery  
  35  2:57  Pylon  
  35  2:59  Probe  
  36  3:06  Phoenix  
  38  3:30  Nexus  
  38  3:31  Phoenix  
  40  3:44  Probe  
  41  3:52  Phoenix  
  41  3:56  Probe  
  44  4:07  Probe  
  44  4:09  Twilight Council  
  45  4:23  Phoenix  
  47  4:26  Assimilator  
  47  4:28  Assimilator  
  47  4:34  Pylon  
  47  4:40  Pylon  
  47  4:42  Probe  
  47  4:44  Shield Battery  
  48  4:49  Dark Shrine  
  50  5:02  Gateway  
  50  5:05  Gateway  
  48  5:08  Phoenix  
  48  5:11  Probe  
  50  5:20  Probe  
  53  5:29  Pylon  
  53  5:32  Phoenix  
  54  5:36  Probe  
  54  5:38  Probe  
  56  5:48  Probe  
  57  5:50  Probe  
  58  6:01  Dark Templar x3  
  64  6:07  Dark Templar  
  64  6:09  Probe  
  64  6:11  Probe  
  68  6:18  Pylon  
  68  6:22  Probe  
  61  6:35  Dark Templar x2  
  61  6:36  Probe  
  61  6:39  Probe  
  57  6:48  Probe  
  57  6:51  Dark Templar, Probe  
  57  6:52  Dark Templar  
  60  7:00  Probe  
  60  7:11  Probe  
  60  7:12  Dark Templar, Probe  
  60  7:13  Dark Templar  
  63  7:19  Probe  
  63  7:20  Probe  
  61  7:27  Probe  
  61  7:29  Probe  
Show
View Real Time Build Order
Export as new Build Order

ShoWTimE Protoss 

Build Orders: Phoenix Opening, Mass Phoenix 

Get SALT Encoding   

  12  0:00  Probe  
  13  0:13  Probe  
  14  0:17  Pylon  
  14  0:24  Probe  
  15  0:32  Probe  
  15  0:38  Gateway  
  15  0:40  Probe  
  16  0:47  Assimilator  
  17  0:51  Probe  
  17  0:55  Assimilator  
  18  0:59  Probe  
  19  1:07  Probe  
  20  1:15  Gateway  
  20  1:17  Probe  
  21  1:26  Cybernetics Core  
  21  1:30  Probe  
  22  1:38  Pylon  
  22  1:42  Probe  
  23  1:56  Probe  
  24  2:03  Sentry, Stalker  
  24  2:04  Warp Gate  
  28  2:14  Pylon  
  28  2:28  Stargate  
  28  2:43  Nexus  
  28  2:55  Adept x2  
  32  3:01  Probe  
  32  3:04  Phoenix  
  33  3:08  Phoenix  
  35  3:14  Probe  
  35  3:19  Pylon  
  36  3:26  Probe  
  37  3:29  Phoenix  
  39  3:37  Shield Battery  
  39  3:40  Probe  
  40  3:52  Probe  
  40  3:54  Probe, Phoenix  
  43  4:02  Probe  
  44  4:03  Assimilator  
  44  4:04  Probe  
  46  4:10  Phoenix  
  46  4:11  Probe  
  47  4:18  Probe  
  47  4:23  Probe  
  51  4:27  Stargate  
  51  4:30  Probe, Phoenix  
  52  4:35  Probe  
  55  4:42  Probe  
  56  4:46  Pylon  
  56  4:47  Probe  
  57  4:54  Probe  
  57  4:56  Phoenix  
  61  5:00  Probe  
  61  5:04  Pylon  
  61  5:10  Probe  
  61  5:12  Probe, Phoenix  
  65  5:18  Shield Battery, Phoenix  
  63  5:23  Stalker  
  63  5:27  Stalker  
  67  5:28  Phoenix  
  67  5:30  Probe  
  67  5:31  Probe  
  69  5:42  Assimilator, Phoenix  
  71  5:44  Pylon  
  73  5:57  Zealot x2  
  73  6:02  Robotics Facility  
  79  6:19  Pylon  
  79  6:20  Oracle  
  79  6:29  Zealot x2  
  79  6:32  Oracle  
  80  6:36  Pylon  
  77  6:41  Pylon  
  67  6:51  Oracle  
  57  7:02  Pylon  
  57  7:04  Pylon  
  49  7:09  Probe x2  
  41  7:21  Probe  
  40  7:24  Probe  
Tags
 
Add a new tag
Caveats
  • Supply blocks, unpowered buildings, or Contaminate may cause inaccurate times.
  • Supply counts are checked every 10 seconds.